 Dungeon Crawl Stone Soup version 0.27.1-33-g824d729ab1 (webtiles) character file.

Game seed: 1864204588029545013

5 MisterFreud the Skirmisher (level 1, 0/20 HPs)
             Began as a Minotaur Abyssal Knight on Dec 11, 2021.
             Was an Initiate of Lugonu.
             Slain by a kobold (2 damage)
             ... on level 1 of the Dungeon.
             The game lasted 00:00:26 (146 turns).

MisterFreud the Skirmisher (Minotaur Abyssal Knight) Turns: 146, Time: 00:00:26

Health: 0/20       AC:  3    Str: 13 (16) XL:     1   Next: 66%
Magic:  1/1        EV: 11    Int:  8 (9)  God:    Lugonu [......]
Gold:   0          SH:  0    Dex:  7 (9)  Spells: 0/0 levels left

rFire    . . .     SeeInvis .   a - +1 falchion
rCold    . . .     Faith    .   (no shield)
rNeg     . . .     Spirit   .   b - +0 leather armour
rPois    .         Reflect  .   (helmet restricted)
rElec    .         Harm     .   (no cloak)
rCorr    .         Rampage  .   (no gloves)
Will     .....                  (no boots)
Stlth    +.........             (no amulet)
HPRegen  0.06/turn              (no ring)
MPRegen  0.07/turn              (no ring)

@: no status effects
A: horns 2, retaliatory headbutt
a: Renounce Religion


You were on level 1 of the Dungeon.
You worshipped Lugonu.
Lugonu was noncommittal.
You visited 1 branch of the dungeon, and saw 1 of its levels.
You visited the Abyss 1 time.

Inventory:

Hand Weapons
 a - a +1 falchion (weapon)
Missiles
 c - 6 boomerangs
Armour
 b - a +0 leather armour (worn)
Scrolls
 e - a scroll of identify {unknown}


   Skills:
 * Level 4.1 Fighting
 - Level 2.4 Long Blades
 - Level 2.4 Armour
 - Level 1.1 Dodging
 - Level 1.7 Invocations


You couldn't memorise any spells.
You didn't know any spells.
Your spell library was empty.

Dungeon Overview and Level Annotations

Branches:
Dungeon (1/15)

Altars:


Innate Abilities, Weirdness & Mutations

You have a pair of horns on your head.
You reflexively headbutt those who attack you in melee.


Message History

The ball python constricts you. The kobold closely misses you.
You barely miss the ball python.
The ball python is severely wounded.
The ball python barely misses you. You furiously retaliate!
You headbutt the ball python.
You kill the ball python!
Lugonu accepts your kill. The kobold hits you but does no damage.
A kobold comes into view. It is wielding a +0 dagger.
Unknown command.
You barely miss the goblin. Your headbutt misses the goblin.
The goblin hits you but does no damage. The kobold hits you but does no damage.
The goblin hits you with a +0 club.
Unknown command.
You slash the goblin!
You kill the goblin!
Lugonu accepts your kill. The kobold barely misses you.
You riposte.
You barely miss the kobold.
Your Fighting skill increases to level 4!
Unknown command.
You slash the goblin!
You kill the goblin!
Lugonu accepts your kill.
The kobold hits you with a +0 short sword.
* * * LOW HITPOINT WARNING * * *
Unknown command.
You hit the kobold. Your headbutt misses the kobold.
The kobold is heavily wounded.
The kobold barely misses you.
You riposte.
You hit the kobold.
The kobold is severely wounded.
The kobold hits you with a +0 dagger.
* * * LOW HITPOINT WARNING * * *
The kobold barely misses you.
You riposte.
You hit the kobold.
You kill the kobold!
Lugonu accepts your kill.
It was a potion of degeneration.
There was something very wrong with that liquid.
You feel weakened.
You feel dopey.
You feel clumsy. The kobold hits you with a +0 dagger.
You die... ## ## $# . .. .. ..# .. .###. ##..# ..g .Kr

....# .... #K###...
..... #@#...#
#....#g#..#
###.†g...#
...........########
......###.........###
...... #.........≈≈#
...... ##....<..≈≈≈#
.#### #≈...(...≈≈#
#≈≈≈≈≈....≈#


You could see a hobgoblin, a goblin, 2 kobolds and a rat.

Vanquished Creatures
  A ball python (D:1)
  A bat (D:1)
  2 goblins (D:1)
  A kobold (D:1)
5 creatures vanquished.

Vanquished Creatures (others)
  A fungus (D:1)
  A plant (D:1)
2 creatures vanquished.

Grand Total: 7 creatures vanquished

Notes
Turn   | Place    | Note
-------+----------+-------------------------------------------
     0 | Abyss:1  | MisterFreud the Minotaur Abyssal Knight began the quest for
                  | the Orb.
     0 | Abyss:1  | Reached XP level 1. HP: 19/19 MP: 1/1
   100 | Abyss:1  | Noticed a neqoxec
   100 | Abyss:1  | Noticed a large abomination
   101 | D:1      | Escaped the Abyss
   144 | D:1      | Reached skill level 4 in Fighting
   146 | D:1      | Slain by a kobold

Illustrated notes

Levels and vault maps discovered:
D:1:      dpeg_arrival_pond, layout_basic, serial_corexii_hall,
          corexii_hall_statues_u, chequers_hall_statues_wall_a,
          corexii_hall_statues_x, chequers_hall_statues_wall_a, serial_shops,
          nicolae_lakefront_shop, shapermc_ecumenical_altar_mp_ritualfount,
          minmay_quantized

Skill      XL: |  1 |
---------------+----+-----
Fighting       | 4 |  4.1
Long Blades    | |  2.4
Armour         | |  2.4
Dodging        | |  1.1
Invocations    | |  1.7

Action                   || total
-------------------------++-------
Melee: Falchion          ||    11
       Headbutt          ||     2
Invok: Depart the Abyss  ||     1
  Use: Potion            ||     1
Armor: Leather armour    ||     5
Dodge: Dodged            ||    13
       Rpst.: Falchion   ||     5
